[Event "*** Titled Tuesday 3|2 Blitz"]
[Site "Chess.com"]
[Date "2016.08.02"]
[Round "6"]
[White "GremioPrudente"]
[Black "Bab3s"]
[Result "1/2-1/2"]
[WhiteElo "2079"]
[BlackElo "2167"]
[TimeControl "180+2"]
[EndTime "12:21:55 PDT"]
[Termination "Game drawn by agreement"]

1. Nf3 Nf6 2. c4 e6 3. d4 b6 4. g3 Bb7 5. Bg2 Be7 6. O-O O-O 7. Nc3 Ne4 8. Qc2 Nxc3 9. Qxc3 Be4 10. Ne1 Bxg2 11. Nxg2 c5 12. dxc5 bxc5 13. Bf4 Nc6 14. Rad1 d6 15. b3 Nd4 16. Rfe1 Qb6 17. Be3 Nc6 18.
Rf1 Rfd8 19. Ne1 a5 20. Nf3 a4 21. Rb1 axb3 22. axb3 Ra2 23. Rfe1 Qa5 24. Qxa5 Nxa5 25. Bd2 Nc6 26. Bc3 Rb8 27. Kf1 Ra3 28. Nd2 h5 29. Rb2 d5 30. cxd5 exd5 31. Rbb1 Ra2 32. Ra1 Rba8 33. Rxa2 Rxa2 34. Rb1 g6 35. Ke1 Kf8 36.
Ra1 Rxa1+ 37. Bxa1 Ke8 38. e3 Kd7 39. Kd1 Bd6 40. Kc2 1/2-1/2

[Event "*** Titled Tuesday 3|2 Blitz"]
[Site "Chess.com"]
[Date "2016.08.02"]
[Round "6"]
[White "Schemato"]
[Black "maheswaran26"]
[Result "0-1"]
[WhiteElo "2237"]
[BlackElo "2050"]
[TimeControl "180+2"]
[EndTime "12:22:02 PDT"]
[Termination "maheswaran26 won by resignation"]

1. c4 Nf6 2. Nc3 d6 3. g3 g6 4. Bg2 Bg7 5. e4 e5 6. Nge2 O-O 7. O-O Nc6 8. d3 Be6 9. Nd5 Ne7 10. Bg5 Nfxd5 11.
cxd5 Bd7 12. d4 f6 13. Be3 f5 14. dxe5 Bxe5 15. Qd2 fxe4 16. Bxe4 Nf5 17. Bg5 Bf6 18. Bxf6 Qxf6 19. Rac1 Rac8 20. Nf4 c5 21. dxc6 bxc6 22. Rfd1 d5 23. Bg2 Kh8 24. Rc5 Rb8 25. b3 g5 26.
Nd3 Nd4 27. Rc3 Bg4 28. Re1 Nf3+ 29. Bxf3 Bxf3 30. Ne5 Be4 31. Nxc6 Rbc8 32. Nd4 Rxc3 33. f3 Rxf3 34. Nxf3 Qxf3 35. Qc3+ Qxc3 0-1

[Event "*** Titled Tuesday 3|2 Blitz"]
[Site "Chess.com"]
[Date "2016.08.02"]
[Round "6"]
[White "MinhGTrAn"]
[Black "Yaacovn"]
[Result "1-0"]
[WhiteElo "2614"]
[BlackElo "2626"]
[TimeControl "180+2"]
[EndTime "12:22:07 PDT"]
[Termination "MinhGTrAn won by resignation"]

1. d4 Nf6 2. Bg5 e6 3. e4 h6 4. Bxf6 Qxf6 5. Nc3 d6 6. Qd2 g6 7. Nge2 Bg7 8. f4 Qe7 9. g3 O-O 10. Bg2 e5 11. O-O-O exd4 12. Nxd4 Nc6 13. Nd5 Qd8 14. Nb5 Bg4 15. Rde1 a6 16. Nbxc7 Rc8 17. f5 Ne5 18. f6 Bxf6 19. Nxf6+ Qxf6 20. Nd5 Qd8 21. Kb1 Kg7 22. Rhf1 Be6 23. Nf4 Qb6 24. b3 a5 25. Rd1 Qc5 26.
Qf2 Qxf2 27. Rxf2 Rc6 28. a4 Rb8 29. Bf1 Rd8 30. Bb5 Rcc8 31. Kb2 Bg4 32. Rd4 h5 33. h3 Be6 34. Bf1 Rd7 35. Rd1 Rdd8 36. Rfd2 Rc6 37. Bb5 Rb6 38. c4 Kf6 39. c5 Rxb5 40. axb5 Rc8 41. Nxe6 fxe6 42. cxd6 Nd7 43. Rc1 Rd8 44. Rc7 Ne5 45. d7 b6 46. Rb7 Ke7 47. Rxb6 Nxd7 48. Rb7 1-0

[Event "*** Titled Tuesday 3|2 Blitz"]
[Site "Chess.com"]
[Date "2016.08.02"]
[Round "6"]
[White "NTBT_DHS"]
[Black "cabalista"]
[Result "0-1"]
[WhiteElo "2464"]
[BlackElo "2350"]
[TimeControl "180+2"]
[EndTime "12:22:08 PDT"]
[Termination "cabalista won by resignation"]

1. d4 Nf6 2. c4 g6 3. Nc3 Bg7 4. e4 d6 5. Nf3 O-O 6. Be2 Nbd7 7. O-O e5 8. dxe5 dxe5 9. Bg5 h6 10. Be3 Ng4 11. Bd2 a5 12. h3 Ngf6 13. Be3 c6 14.
Nd2 Qe7 15. Na4 Ne8 16. c5 Nc7 17. Nc4 Ne6 18. Nd6 Nd4 19. Rc1 b5 20. Nxc8 Rfxc8 21.
Nb6 Nxb6 22. cxb6 Rab8 23. Bxd4 exd4 24. Bg4 Rd8 25. Rxc6 d3 26. Qb3 a4 27. Qxb5 Qxe4 28. Bf3 Qf4 29. Rd1 d2 30. Rc4 Qd6 31. b7 Kh7 32.
Qxa4 Qe6 33. Qc2 Qe1+ 34. Kh2 Be5+ 35. g3 Qxf2+ 36. Bg2 Bxg3+ 37. Kh1 Qe1+ 38. Bf1 Qf2 39. Bg2 Qe1+ 40. Bf1 Qf2 41. Bg2 Rxb7 42. Rc3 Re7 43. Rf1 Re1 44. Rf3 Rxf1+ 45. Bxf1 Qxf3+ 46. Bg2 d1=Q+ 0-1

[Event "*** Titled Tuesday 3|2 Blitz"]
[Site "Chess.com"]
[Date "2016.08.02"]
[Round "6"]
[White "FairChess_on_YouTube"]
[Black "1stSecond"]
[Result "1/2-1/2"]
[WhiteElo "2700"]
[BlackElo "2542"]
[TimeControl "180+2"]
[EndTime "12:22:14 PDT"]
[Termination "Game drawn by repetition"]

1. e4 c5 2. Nf3 e6 3. d4 cxd4 4. Nxd4 Nc6 5. Nc3 Qc7 6. Be3 a6 7. h4 Nf6 8. a3 b5 9. g4 Ne5 10.
g5 Nfg4 11. Bf4 Nd3+ 12. Qxd3 Qxf4 13. Qf3 Qxf3 14. Nxf3 Bc5 15. Nd1 Bb7 16. Bd3 f5 17. gxf6 O-O 18. Rg1 Rxf6 19. Rxg4 Rxf3 20. Be2 Rf7 21.
f3 Raf8 22. Nc3 Rf4 23. O-O-O Rxg4 24. fxg4 Be3+ 25. Kb1 Bc6 26. a4 b4 27. Na2 a5 28.
Bb5 Bxe4 29. Bxd7 Kf7 30. Re1 b3 31. Rxe3 Bxc2+ 32. Kc1 bxa2 33. Bxe6+ Kg6 34. Bxa2 Bxa4 35. Bb1+ Kh6 36. Bd3 Rf4 37. Be2 Bd7 38. g5+ Kg6 39. Re5 Rxh4 40. Bd3+ Kf7 41. Rxa5 h6 42. g6+ Ke7 43.
Kd2 h5 44. Kc3 Rh1 45. Ra7 Kd6 46. Ra6+ Ke5 47. Ra7 Kd6 48. Ra6+ Ke5 49. Ra7 Kd6 1/2-1/2

[Event "*** Titled Tuesday 3|2 Blitz"]
[Site "Chess.com"]
[Date "2016.08.02"]
[Round "6"]
[White "shivakaka"]
[Black "AdrianaNikolova"]
[Result "0-1"]
[WhiteElo "2111"]
[BlackElo "2259"]
[TimeControl "180+2"]
[EndTime "12:22:18 PDT"]
[Termination "AdrianaNikolova won on time"]

1. e4 d5 2. exd5 Qxd5 3. d4 Qd8 4. Nf3 Nf6 5. Bc4 a6 6. O-O e6 7. Re1 Be7 8. Ne5 b5 9. Bd3 Bb7 10. c3 Nbd7 11. Bf4 O-O 12. Nd2 c5 13. Ndf3 cxd4 14.
cxd4 Rc8 15. Rc1 Rxc1 16. Qxc1 Nb6 17. Bb1 Nbd5 18. Bg5 Qc8 19. Qd2 Bb4 20. Qd3 Bxe1 21. Nxe1 g6 22. h4 Nd7 23. h5 Nxe5 24. dxe5 Qc4 25.
Qd1 Rc8 26. Qf3 Qd4 27. Bf6 Rc1 28. Kh2 Qf4+ 29. Qxf4 Nxf4 30. Nd3 Rxb1 31. Nxf4 Rxb2 32. h6 Rxf2 33. Kg3 Rxa2 34. Bg7 Ra3+ 35. Kf2 Ra4 36. Ne2 f5 37. Ke3 Kf7 38. Nd4 Bd5 39. Nf3 Bxf3 40. gxf3 b4 41. f4 b3 0-1

[Event "*** Titled Tuesday 3|2 Blitz"]
[Site "Chess.com"]
[Date "2016.08.02"]
[Round "6"]
[White "ER404"]
[Black "Alliswell998"]
[Result "0-1"]
[WhiteElo "2122"]
[BlackElo "2204"]
[TimeControl "180+2"]
[EndTime "12:22:19 PDT"]
[Termination "Alliswell998 won by checkmate"]

1. d4 Nf6 2. c4 c5 3. d5 b5 4.
cxb5 a6 5. bxa6 g6 6. Nc3 Bg7 7.
e4 O-O 8. a7 Rxa7 9. Nf3 Qa5 10. e5 Ne4 11. Bd2 Nxd2 12. Qxd2 Ba6 13. Be2 Bxe2 14.
Qxe2 d6 15. O-O Nd7 16. e6 fxe6 17. Qxe6+ Kh8 18. Ng5 h6 19. Nge4 Nf6 20. Rfe1 Qb4 21. Re2 Kh7 22. Rae1 Qd4 23. Rd2 Qb4 24. a3 Qb8 25.
Qh3 Kg8 26. Qe6+ Kh7 27. Qh3 Kg8 28. Nxf6+ Rxf6 29. Ne4 Rf5 30. Ng3 Rf6 31. Rde2 Qf8 32. Ne4 Rf5 33. Ng3 Rf6 34. Ne4 Rf5 35. Qg4 Kh7 36.
Ng3 Rxd5 37. h4 e5 38. h5 Qf7 39. Qe4 Rd4 40. hxg6+ Qxg6 41. Qc6 Rf7 42. a4 Rh4 43.
a5 Ra7 44. Qb6 Qf7 45. Ne4 Rh5 46. Nxd6 Qf4 47. a6 Qh2+ 48. Kf1 Qh1# 0-1

[Event "*** Titled Tuesday 3|2 Blitz"]
[Site "Chess.com"]
[Date "2016.08.02"]
[Round "6"]
[White "Haridaskesavan"]
[Black "josiwales"]
[Result "1/2-1/2"]
[WhiteElo "2107"]
[BlackElo "2181"]
[TimeControl "180+2"]
[EndTime "12:22:27 PDT"]
[Termination "Game drawn by agreement"]

1. e4 c5 2. c3 d5 3. exd5 Qxd5 4.
d4 Nf6 5. Nf3 Bg4 6. Be2 e6 7. O-O Nc6 8. h3 Bh5 9. Be3 cxd4 10.
cxd4 Bb4 11. Nc3 Bxc3 12. bxc3 O-O 13. c4 Qd7 14. Ne5 Nxe5 15. dxe5 Bxe2 16. Qxe2 Ne4 17. Qf3 Qc6 18. Rfd1 Rad8 19. Rac1 f5 20. exf6 gxf6 21. Rxd8 Rxd8 22. Bxa7 f5 23. Be3 Kh8 24. Qf4 Qd6 25.
Qxd6 Rxd6 26. Bf4 Rd7 27. f3 Nc5 28. Rb1 Kg8 29. Rb6 Kf7 30. Be3 Nd3 31. Kh2 f4 32. Bd2 e5 33. Rb5 Kf6 34. Bc3 h5 35. Rd5 Rxd5 36.
cxd5 Ke7 37. g4 hxg4 38. hxg4 Kd6 39. g5 Kxd5 40. Kh3 Ke6 41. Kg4 Nf2+ 42. Kh5 e4 43. fxe4 Nxe4 44. Be1 f3 45. Kh6 f2 46. Bxf2 Nxf2 47.
g6 Ng4+ 48. Kh7 Nf6+ 49. Kg7 b5 50. Kf8 Nh5 51. g7 Nxg7 52. Kxg7 Kd5 53. Kf6 Kc4 54.
Ke5 b4 55. Ke4 Kc3 56. Kd5 Kb2 57. Kc4 Ka3 58. Kc5 1/2-1/2

[Event "*** Titled Tuesday 3|2 Blitz"]
[Site "Chess.com"]
[Date "2016.08.02"]
[Round "6"]
[White "Zhani-Z"]
[Black "simonachess"]
[Result "0-1"]
[WhiteElo "2288"]
[BlackElo "2152"]
[TimeControl "180+2"]
[EndTime "12:22:28 PDT"]
[Termination "simonachess won by resignation"]

1. e4 c5 2. a3 d5 3. exd5 Qxd5 4. Nc3 Qd8 5. Bc4 Nf6 6. Nf3 Nc6 7. h3 e6 8. O-O a6 9. d3 Be7 10. Bf4 O-O 11.
Re1 Nd5 12. Bd2 Bf6 13. Ne4 Bxb2 14. Rb1 Bxa3 15. c3 b5 16. Ba2 b4 17. c4 Nc3 18.
Nxc3 bxc3 19. Bxc3 Bb4 20. Qd2 a5 21. Ne5 Nxe5 22.
Rxe5 Qd6 23. Rbe1 f6 24. R5e3 Rd8 25. Qb2 Bxc3 26. Qxc3 Bd7 27. Bb1 e5 28. Kh1 Bc6 29.
Bc2 a4 30. Ra1 Qd4 31. Qa3 Rdb8 32. Kg1 Rb2 33. Bd1 Rb4 34. Bf3 Bxf3 35. Rxf3 Qb2 36. Qxb2 Rxb2 37. Re3 a3 38. Kf1 a2 39. Re2 Rb1+ 40. Re1 Rxa1 41. Rxa1 Ra3 42. Ke2 Kf7 43. Kd2 h5 44. Kc2 h4 45. Kd2 Ke6 46. Kc2 Kf5 47. Kd2 Kf4 48. Kc2 f5 49. Kd2 g5 50. Ke2 g4 51. hxg4 fxg4 52. g3+ hxg3 53. fxg3+ Kxg3 54. Ke3 Kh2 55. Ke4 g3 56. Kxe5 g2 57. d4 cxd4 58.
Kxd4 0-1

[Event "*** Titled Tuesday 3|2 Blitz"]
[Site "Chess.com"]
[Date "2016.08.02"]
[Round "6"]
[White "Evgeny_Levin"]
[Black "viditchess"]
[Result "1/2-1/2"]
[WhiteElo "2653"]
[BlackElo "2556"]
[TimeControl "180+2"]
[EndTime "12:22:49 PDT"]
[Termination "Game drawn by agreement"]

1. d4 Nf6 2. Nf3 e6 3. Bg5 c5 4.
e3 h6 5. Bh4 Nc6 6. c3 d5 7.
Nbd2 Be7 8. Bd3 O-O 9. O-O b6 10.
Qe2 Bb7 11. a3 Nh5 12. Bxe7 Nxe7 13. Ne5 Nf6 14. b4 Rc8 15. Rfc1 Rc7 16. Rab1 Ba8 17.
bxc5 bxc5 18. dxc5 Rxc5 19. Nb3 Rc7 20. Nd4 Nd7 21.
Nxd7 Qxd7 22. c4 Rfc8 23. Qf1 dxc4 24. Rxc4 Rxc4 25. Bxc4 Nd5 26. Ba6 Rd8 27. Bb5 Qd6 28. Qc1 Nf4 29. Bf1 Nd5 30. Qb2 Rc8 31. Nb5 Qc5 32.
Nd4 Nc3 33. Rc1 e5 34. Nb3 Qc7 35. Kh1 Bd5 36. Nd2 Be6 37. Qa1 Qa5 38. Nc4 Bxc4 39.
Qxc3 Qxc3 40. Rxc3 Be6 41. Rxc8+ Bxc8 42. Bc4 Kf8 43.
Kg1 Ke7 44. Kf1 Be6 45. Bd3 Kd6 46. Ke1 Bd5 47. g3 Kc5 48. Kd2 Bc4 49. Bc2 Bd5 50.
Kc3 f6 51. Bd3 Bc6 52. Bc4 a5 53. Bd3 Bd5 54. Be2 Bc6 55. Bd3 Bd5 56. Be2 1/2-1/2

[Event "*** Titled Tuesday 3|2 Blitz"]
[Site "Chess.com"]
[Date "2016.08.02"]
[Round "6"]
[White "Maitreia"]
[Black "igorkovalenko"]
[Result "0-1"]
[WhiteElo "2355"]
[BlackElo "2549"]
[TimeControl "180+2"]
[EndTime "12:22:53 PDT"]
[Termination "igorkovalenko won by resignation"]

1. c4 e5 2. g3 Nf6 3. Bg2 Nc6 4. Nf3 Be7 5. Nc3 O-O 6. O-O Re8 7. d3 h6 8. a3 a5 9. Rb1 Bf8 10. Bd2 Ra6 11.
Nd5 Nd4 12. e3 Nxf3+ 13. Bxf3 a4 14. Nc3 c6 15. Nxa4 d5 16. Nc3 e4 17. dxe4 dxc4 18. Qe2 b5 19. Rfd1 Qe7 20. Be1 h5 21. Rd4 Bg4 22.
Rbd1 Raa8 23. Bxg4 hxg4 24. f3 gxf3 25. Qxf3 Qe6 26. Bf2 Ng4 27. Qf5 Ne5 28. Qxe6 Rxe6 29. Kg2 Ree8 30. h3 Bc5 31. R4d2 Nd3 32. Kf3 Re6 33. Ke2 Rh6 34. h4 Rf6 35. Bg1 Rg6 36. Bf2 Bd6 37. e5 Bxe5 38. Ne4 Rg4 39. Kf3 f5 40. Nc3 Bxc3 41. bxc3 Rxa3 42. Rxd3 cxd3 43. Rxd3 Rc4 44. h5 Kh7 45. Rd7 Ra1 46. Re7 Rh1 47.
Rf7 Rxh5 48. Kg2 Kg6 49. Rd7 Rh8 50. Rd6+ Kh7 51. Rd7 Re8 52. Rd3 Kg6 53. Kf3 Kf6 54. Rd6+ Re6 55. Rd7 g5 56. Be1 g4+ 57. Ke2 Re7 58.
Rd6+ Ke5 59. Rd3 Ra7 60. Bd2 Rca4 61. Rd8 Rh7 62. Re8+ Kd5 63. Kd3 c5 64. Rd8+ Kc6 65.
Rc8+ Kd6 66. Rd8+ Kc7 67. Rd5 Rd7 0-1

[Event "*** Titled Tuesday 3|2 Blitz"]
[Site "Chess.com"]
[Date "2016.08.02"]
[Round "6"]
[White "Alexander_Donchenko"]
[Black "yian123"]
[Result "1-0"]
[WhiteElo "2523"]
[BlackElo "2351"]
[TimeControl "180+2"]
[EndTime "12:22:53 PDT"]
[Termination "Alexander_Donchenko won by resignation"]

1. d4 d5 2. c4 c6 3. Nf3 Nf6 4. Qc2 g6 5. Bf4 Bg7 6. e3 a6 7. h3 O-O 8. Bd3 Nbd7 9. O-O Re8 10. Nc3 Nb6 11. b3 e6 12. Rac1 Nbd7 13. Rfd1 b6 14. e4 dxe4 15. Nxe4 Nxe4 16. Bxe4 Bb7 17. Ne5 Rc8 18.
c5 Nxe5 19. Bxe5 Bxe5 20. dxe5 Qg5 21. Rd7 Rb8 22. cxb6 Qxe5 23. Rc7 Qd4 24. Rd1 Qxb6 25. Rdd7 Rec8 26. Rxc8+ Bxc8 27. Rd6 Bb7 28. Qd2 a5 29. Rd7 Qb4 30. Qf4 Rf8 31. h4 Bc8 32. Rc7 c5 33. h5 Qd4 34. h6 Qd1+ 35. Kh2 Qh5+ 36. Kg1 Qd1+ 37. Kh2 Qh5+ 38. Kg3 e5 39. Qh4 Qxh4+ 40.
Kxh4 Be6 41. Rxc5 Rb8 42. Rxa5 f6 43. Ra7 Rb4 44. Ra4 Rxa4 45. bxa4 Bxa2 46. a5 Bc4 47. Bb7 g5+ 48. Kg4 Kf7 49. a6 Bxa6 50. Bxa6 Kg6 51. Bd3+ Kxh6 52. Kf5 Kg7 53. g4 h5 54. gxh5 Kh6 55. Be2 e4 56. Kxf6 e3 57. fxe3 1-0

[Event "*** Titled Tuesday 3|2 Blitz"]
[Site "Chess.com"]
[Date "2016.08.02"]
[Round "6"]
[White "oggy1984"]
[Black "Colombiano07"]
[Result "1-0"]
[WhiteElo "2306"]
[BlackElo "2217"]
[TimeControl "180+2"]
[EndTime "12:22:55 PDT"]
[Termination "oggy1984 won by resignation"]

1. e4 c5 2. Nf3 e6 3. c3 Nf6 4. e5 Nd5 5. d4 cxd4 6. Bc4 Nc6 7. cxd4 d6 8. O-O Be7 9. a3 O-O 10. Bd3 dxe5 11. dxe5 Qc7 12. Re1 b6 13. Qc2 g6 14.
Bh6 Rd8 15. Nbd2 Bb7 16. Rac1 Rac8 17. Qa4 Ndb4 18. axb4 Rxd3 19. b5 Nxe5 20. Rxc7 Nxf3+ 21. Nxf3 Rxc7 22. Qxa7 Bd8 23. Qxb6 Rcd7 24. Qc5 Be7 25. Qe5 Bf8 26. Bxf8 Kxf8 27. Qc5+ Kg8 28. h4 R3d5 29. Qc3 Rxb5 30. Qf6 Rf5 31. Qc3 Bxf3 32. gxf3 h5 33. Re5 Rd1+ 34. Kg2 Rf4 35. Ra5 Rd8 36. Rc5 Rxh4 37.
Rc8 Rd4 38. Qc7 Rxc8 39. Qxc8+ Kh7 40. Qc3 Rd5 41. b4 g5 42. Qc4 Kg6 43. b5 Rxb5 44.
Qxb5 Kf6 45. Qb7 Kg6 46. Qb8 Kf6 47. Qd8+ Kg6 48. Kg3 f5 49. f4 h4+ 50. Kh3 gxf4 51. Kxh4 Kf7 52. Kg5 f3 53. Qd7+ Kf8 54. Kf6 1-0

[Event "*** Titled Tuesday 3|2 Blitz"]
[Site "Chess.com"]
[Date "2016.08.02"]
[Round "6"]
[White "Krutoy123"]
[Black "ChessWarrior7197"]
[Result "0-1"]
[WhiteElo "2397"]
[BlackElo "2471"]
[TimeControl "180+2"]
[EndTime "12:22:59 PDT"]
[Termination "ChessWarrior7197 won by resignation"]

1. e4 c5 2. Nf3 d6 3. d3 g6 4. g3 Bg7 5. Bg2 Nc6 6. O-O e6 7. c3 Nge7 8. Be3 O-O 9. Qd2 e5 10.
Bh6 b6 11. Bxg7 Kxg7 12. Na3 h6 13. d4 Ba6 14. Rfd1 Qc7 15. dxe5 dxe5 16. Qd6 Qxd6 17. Rxd6 Rfd8 18. Rad1 f6 19. Bf1 Bxf1 20. Kxf1 Rxd6 21. Rxd6 Rd8 22. Rxd8 Nxd8 23. Nd2 Kf7 24. Nb5 Ndc6 25. Ke2 Ke6 26. Na3 Nc8 27. Nac4 Nd6 28. Ne3 Ne7 29. f3 f5 30. Nec4 Nxc4 31. Nxc4 fxe4 32. fxe4 Nc8 33. Ne3 Nd6 34. Kf3 Nf7 35. h4 h5 36. Nd5 g5 37.
hxg5 Nxg5+ 38. Ke3 Nh7 39. Nc7+ Kd7 40. Nb5 a6 41.
Na3 Nf6 42. Nc4 Ng4+ 43. Ke2 b5 44. Nd2 Kd6 45. Nf3 c4 46. Nh4 Nf6 47. Ke3 Ke6 48. Ng2 Nd7 49. Nh4 Nc5 50. Nf5 Kf6 51. Nd6 Na4 52. Ne8+ Kg5 53. Nc7 Nxb2 54. Nxa6 Na4 55.
Kf3 Nxc3 56. Nb4 Kf6 57. a3 Ke6 58. Nc2 Kd6 59. Ke3 Kc5 60. Ne1 Nd1+ 61. Ke2 Nc3+ 62. Ke3 Nb1 63. Nc2 Kb6 64. Kf3 Ka5 65. g4 hxg4+ 66. Kxg4 Ka4 67. Kf5 Nxa3 68. Ne1 c3 69. Kxe5 b4 70. Kd4 Nb5+ 71. Kd3 b3 72. e5 b2 73. Kc2 Na3+ 0-1

[Event "*** Titled Tuesday 3|2 Blitz"]
[Site "Chess.com"]
[Date "2016.08.02"]
[Round "6"]
[White "AdamHunt1"]
[Black "joppie2"]
[Result "0-1"]
[WhiteElo "2387"]
[BlackElo "2503"]
[TimeControl "180+2"]
[EndTime "12:23:01 PDT"]
[Termination "joppie2 won on time"]

1. e4 c5 2. Nf3 d6 3. d4 cxd4 4.
Nxd4 a6 5. Nc3 e6 6. f4 Ne7 7.
Be3 Nbc6 8. Qf3 Nxd4 9. Bxd4 Nc6 10. Bf2 Be7 11. O-O-O b5 12. Bd3 Bb7 13. Qh5 Rc8 14. e5 d5 15. f5 Nxe5 16. fxe6 Nxd3+ 17. Rxd3 O-O 18. Rh3 h6 19. Qg4 b4 20. Ne2 Qc7 21. Nd4 Bf6 22. c3 bxc3 23. Rxc3 Qe7 24. exf7+ Qxf7 25. Rxc8 Bxc8 26. Qf3 Bg5+ 27. Kd1 Qg6 28. Qxd5+ Kh7 29.
Ke2 Bg4+ 30. Nf3 Qc2+ 31. Kf1 Re8 32. h4 Qc1+ 33. Ne1 Be2+ 34. Kg1 Be3 35. Qf5+ Kh8 36.
Kh2 Bxf2 37. Qxf2 Qxb2 38. Nf3 Qxa2 39. Re1 Bb5 40. Rxe8+ Bxe8 41. Qe3 Qf7 42. Ne5 Qf6 43. g3 a5 44. Qe4 a4 45. Ng4 Qd8 46. Qb4 Bd7 47.
Ne5 Qe8 48. Qd6 Bb5 49. Ng6+ Kh7 50. Nf8+ Kg8 51. Ng6 Bc4 52. Ne7+ Kh7 53. Qe5 Bd3 54. Qd6 Be4 55. Qe5 Bb1 0-1

[Event "*** Titled Tuesday 3|2 Blitz"]
[Site "Chess.com"]
[Date "2016.08.02"]
[Round "6"]
[White "Alexander_Moskalenko"]
[Black "jcibarra"]
[Result "1-0"]
[WhiteElo "2629"]
[BlackElo "2648"]
[TimeControl "180+2"]
[EndTime "12:23:04 PDT"]
[Termination "Alexander_Moskalenko won by resignation"]

1. d4 Nf6 2. c4 d6 3. Nf3 g6 4. Nc3 Bf5 5. g3 Ne4 6. Bg2 Nxc3 7. bxc3 Be4 8. O-O Bg7 9. Qb3 O-O 10. a4 b6 11. Bh3 Nc6 12. Nd2 Na5 13. Qa2 Bb7 14. Bb2 c5 15. d5 Ba6 16. e4 Qe8 17. f4 e5 18. f5 Bh6 19. Bc1 f6 20. Qc2 Bxd2 21.
Bxd2 g5 22. Bg4 Bxc4 23. Rfb1 Kh8 24. Kg2 Rg8 25. Be3 Qf7 26. Be2 Rgb8 27. Bf2 a6 28.
Bxc4 Nxc4 29. Qe2 Na5 30. Rb2 Qd7 31. Rab1 Qc7 32. g4 Rb7 33. h4 h6 34. hxg5 hxg5 35. Be3 Kg8 36. Rh1 Qd8 37. Rbb1 Raa7 38. Kg3 Rh7 39.
Rxh7 Kxh7 40. Rh1+ Kg7 41. Qh2 Qg8 42. Qh6+ Kf7 43.
Bxg5 Qg7 44. Bxf6 Qxf6 45. Qh7+ Qg7 46. f6 Qxh7 47. Rxh7+ Kxf6 48. Rxa7 Nc4 49. Rxa6 Kg5 50. Kf3 Kh4 51. Ra8 Nd2+ 52. Ke3 Nc4+ 53. Kd3 Nb2+ 54. Kc2 Nc4 55. Rg8 Ne3+ 56. Kd3 Nxg4 57. Rb8 Nf2+ 58.
Kc4 Nxe4 59. Rxb6 Nd2+ 60. Kb5 e4 61. Rxd6 Kg4 62. Re6 Kf5 63. a5 Nf3 64. a6 Ne5 65.
Rxe5+ Kxe5 66. a7 e3 67. a8=Q e2 68. Qe8+ Kxd5 69. Qxe2 1-0

[Event "*** Titled Tuesday 3|2 Blitz"]
[Site "Chess.com"]
[Date "2016.08.02"]
[Round "6"]
[White "fireheart92"]
[Black "Genghis_K"]
[Result "1/2-1/2"]
[WhiteElo "2377"]
[BlackElo "2681"]
[TimeControl "180+2"]
[EndTime "12:23:07 PDT"]
[Termination "Game drawn by stalemate"]

1. e4 e5 2. Nf3 Nc6 3. Bc4 Bc5 4.
d3 Nf6 5. Nbd2 O-O 6. O-O d6 7. c3 a5 8. a4 Ne7 9. d4 exd4 10.
cxd4 Bb6 11. Bd3 Nc6 12. d5 Nb4 13. Bb1 c6 14. dxc6 bxc6 15. Nc4 Bc7 16. Re1 Ba6 17. Ne3 Re8 18. Nf5 d5 19. e5 Ne4 20. Bf4 Bb6 21. N3d4 c5 22. Qg4 g6 23. Nb5 c4 24. Nh6+ Kf8 25.
Bxe4 dxe4 26. Rxe4 Nd3 27. Bg3 Bb7 28. Nxf7 Qd5 29. Ng5 Kg8 30. Nd6 Rf8 31. Nxb7 Bxf2+ 32. Bxf2 Nxf2 33. Qe6+ Qxe6 34. Nxe6 Nxe4 35. Nxf8 Kxf8 36. Re1 Ng5 37. Nd6 Rb8 38. Nxc4 Rb4 39. Nxa5 Rxa4 40. Nb3 Rb4 41. Nc5 Rxb2 42. h4 Rc2 43. Nd7+ Ke7 44. Nf6 Ne6 45. Nxh7 Nf4 46. Re4 Rxg2+ 47. Kf1 Rg4 48.
Nf6 Rxh4 49. Kg1 Ke6 50. Kf2 Nd3+ 51. Kg3 Rxe4 52. Nxe4 Nxe5 53. Kf4 Nf7 54. Ng5+ Kf6 55. Nxf7 Kxf7 56. Kg5 Kg7 57. Kg4 Kf6 58. Kf4 g5+ 59. Kg4 Kg6 60. Kg3 Kf5 61. Kf3 g4+ 62. Kg3 Kg5 63.
Kg2 Kf4 64. Kf2 g3+ 65. Kg2 Kg4 66. Kg1 Kh3 67. Kh1 g2+ 68. Kg1 Kg3 1/2-1/2

[Event "*** Titled Tuesday 3|2 Blitz"]
[Site "Chess.com"]
[Date "2016.08.02"]
[Round "6"]
[White "ftorodent"]
[Black "DanielNaroditsky"]
[Result "0-1"]
[WhiteElo "2467"]
[BlackElo "2667"]
[TimeControl "180+2"]
[EndTime "12:23:08 PDT"]
[Termination "DanielNaroditsky won on time"]

1. d4 Nf6 2. c4 e6 3. Nf3 d5 4.
Nc3 Bb4 5. Qa4+ Nc6 6. cxd5 exd5 7. Bg5 h6 8. Bxf6 Qxf6 9. Rc1 Qg6 10. Qd1 O-O 11. e3 Bf5 12. a3 Bxc3+ 13. Rxc3 Be4 14. Nd2 Bf5 15. g3 Rfe8 16. Bg2 Nxd4 17. O-O Bc2 18. Qe1 Bd3 19. Rxc7 Qb6 20. Rd7 Bxf1 21. Nxf1 Qxb2 22. Bxd5 Ne6 23. Rxb7 Qxa3 24. Qb1 Rad8 25. e4 Qf3 26. Ne3 Ng5 27. Qf1 Rc8 28. h4 Ne6 29. Rxa7 Rc3 30.
Nf5 Rd3 31. Qg2 Qd1+ 32. Kh2 Rd2 33. Nd6 Rf8 34. Nxf7 Rxd5 35. exd5 Nd4 36. Qe4 Rxf7 37. Rxf7 Kxf7 38. d6 Nf3+ 39. Kg2 Qf1+ 40. Kxf3 Qh1+ 41. Kf4 Qc1+ 42. Kf5 Qc5+ 43. Kg4 h5+ 44. Kh3 Qxf2 45. Qe7+ Kg8 46. Qe6+ Kh7 47. d7 Qf1+ 0-1

[Event "*** Titled Tuesday 3|2 Blitz"]
[Site "Chess.com"]
[Date "2016.08.02"]
[Round "6"]
[White "Astaneh"]
[Black "GeorgMeier"]
[Result "0-1"]
[WhiteElo "2492"]
[BlackElo "2703"]
[TimeControl "180+2"]
[EndTime "12:23:14 PDT"]
[Termination "GeorgMeier won by resignation"]

1. d4 e6 2. Nf3 Nf6 3. c4 d5 4.
Nc3 dxc4 5. e3 a6 6. Bxc4 b5 7. Bb3 Bb7 8. a4 b4 9. Ne2 c5 10. Bd2 Nbd7 11. Rc1 Bd6 12. Ng3 O-O 13. O-O a5 14.
Re1 Rc8 15. e4 Bxg3 16. hxg3 Bxe4 17. Be3 cxd4 18. Bxd4 Rxc1 19. Qxc1 Qa8 20. Qf4 Bd5 21. Bc2 Rc8 22. Bb1 Bxf3 23. gxf3 Qd5 24. Qe3 h6 25. f4 Qc6 26. b3 Qd5 27. Bd3 Ng4 28.
Qe4 Qxe4 29. Bxe4 Ngf6 30. Bd3 Kf8 31. Rd1 Ke7 32. Bc4 Rc7 33. Re1 Kd6 34. Be5+ Kc6 35. Bb5+ Kb6 36. Bxc7+ Kxc7 37. Rc1+ Kb7 38. Rc6 Nb6 39. Rd6 Kc7 40. Rc6+ Kb7 41. Rc5 g6 42. f3 Nbd5 43. Bc4 Nc7 44. Rxa5 Kb6 45. Re5 Nfd5 46.
Bxd5 Nxd5 47. Kf2 Kc5 48. Ke2 Kd4 49. Rxd5+ exd5 50. Kd2 h5 51. f5 g5 52. Ke2 f6 53.
Kf2 Kc5 54. Ke3 d4+ 55. Kd3 h4 56. gxh4 gxh4 57. a5 h3 58. a6 Kb6 0-1

[Event "*** Titled Tuesday 3|2 Blitz"]
[Site "Chess.com"]
[Date "2016.08.02"]
[Round "6"]
[White "profofchess"]
[Black "GrigorGrigorov"]
[Result "1/2-1/2"]
[WhiteElo "2321"]
[BlackElo "2485"]
[TimeControl "180+2"]
[EndTime "12:23:23 PDT"]
[Termination "Game drawn - insufficient material"]

1. e4 d5 2. exd5 Qxd5 3. Nc3 Qd8 4. d4 Nf6 5. Bg5 h6 6. Bh4 c6 7. Qd2 Bf5 8. O-O-O e6 9. f3 Nbd7 10. g4 Bh7 11.
Bd3 Bxd3 12. Qxd3 Qa5 13. Bg3 Bb4 14. Nge2 Nd5 15. Nxd5 cxd5 16. a3 Be7 17. h4 Rc8 18. Kb1 Nb6 19. g5 Nc4 20. g6 f5 21. Nf4 Bxa3 22. Be1 Qb6 23. Qb3 Bxb2 24. Qxb6 axb6 25. Nxe6 Kd7 26. Nxg7 Ra8 27. c3 Rhg8 28. Nxf5 Rxg6 29. Bg3 Bxc3 30. Kc2 Bb4 31. Ra1 Rxa1 32. Rxa1 Rf6 33. Ng7 Rxf3 34. Nh5 Rc3+ 35. Kd1 Rd3+ 36. Ke2 Rxd4 37.
Rf1 Re4+ 38. Kd3 Re3+ 39. Kd4 Kc6 40. Rf6+ Kb5 41. Kxd5 Bc5 42. Rxh6 Rd3+ 43. Ke4 Re3+ 44. Kf5 Re8 45. Bf4 Be3 46. Nf6 Rd8 47. Rh7 Bxf4 48.
Kxf4 Rd4+ 49. Kg5 Nd6 50. h5 Ne4+ 51. Nxe4 Rxe4 52. Rxb7 Re5+ 53. Kg6 Re1 54. h6 Rh1 55. h7 Kc5 56. Rb8 b5 57. h8=Q Rxh8 58. Rxh8 b4 59. Kf5 Kd4 60. Rh3 Kc4 61. Ke5 b3 62. Rh8 b2 63. Rc8+ Kb3 64. Rb8+ Kc2 65. Kd4 b1=Q 66.
Rxb1 Kxb1 1/2-1/2

[Event "*** Titled Tuesday 3|2 Blitz"]
[Site "Chess.com"]
[Date "2016.08.02"]
[Round "6"]
[White "dabee"]
[Black "Chesstrainer1"]
[Result "0-1"]
[WhiteElo "2421"]
[BlackElo "2441"]
[TimeControl "180+2"]
[EndTime "12:23:29 PDT"]
[Termination "Chesstrainer1 won on time"]

1. d4 Nf6 2. Bg5 d5 3. e3 Nbd7 4. Nf3 g6 5. c4 Bg7 6. Nc3 dxc4 7. Bxc4 O-O 8. O-O c6 9. h3 Nb6 10. Bb3 a5 11. a3 Bf5 12. Re1 Ne4 13. Nxe4 Bxe4 14.
Bf4 a4 15. Ba2 Bd5 16. Bxd5 Nxd5 17. Be5 Qb6 18. Bxg7 Kxg7 19. e4 Nc7 20. Qd2 Rfd8 21. Qc3 Nb5 22. Qb4 Qa5 23. Qxa5 Rxa5 24. Rad1 e6 25.
Re2 Rd7 26. Kf1 Ra8 27. Red2 Rad8 28. Ke2 f6 29. Ke3 Nd6 30. Rc1 f5 31. Ne5 Re7 32. f3 Rf8 33. Nc4 Nb5 34. Nb6 f4+ 35. Kd3 Rd8 36.
Kc4 Nd6+ 37. Kb4 Nb5 38. Rcd1 Kf6 39. Kxa4 Kg5 40. Kb4 Kh4 41. a4 Nc7 42. Kc4 Kg3 43.
b4 Na8 44. Nxa8 Rxa8 45. a5 e5 46. Rh1 Rd8 47. h4 Rxd4+ 48. Rxd4 exd4 49. Kxd4 Kxg2 50. Rc1 Kxf3 51. e5 Kg2 52. Ke4 f3 53. a6 bxa6 54. Rxc6 f2 55. Rc1 f1=Q 56. Rxf1 Kxf1 0-1